 Dungeon Crawl Stone Soup version 0.17-a0-1020-ge683cc4 (webtiles) character file.

138816 Kisielow the Tortoise (level 17, -2/107 HPs)
             Began as a Gargoyle Gladiator on May 17, 2015.
             Was the Champion of Okawaru.
             Slain by a merfolk impaler
             ... wielding a +0 demon trident
              (7 damage)
             ... on level 4 of the Shoals.
             The game lasted 02:52:05 (33396 turns).

Kisielow the Tortoise (Gargoyle Gladiator)         Turns: 33396, Time: 02:52:06

Health: -2/107     AC: 37    Str: 27    XL:     17   Next: 27%
Magic:  22/22      EV: 12    Int:  9    God:    Okawaru [******]
Gold:   2784       SH:  0    Dex: 22    Spells: 0 memorised, 16 levels left

rFire  x x .     SeeInvis +     G - +4 lajatang of the Candelabrum {slice, MR++ SInv}
rCold  + + +     Clarity  +     T - +1 ice dragon armour
rNeg   + + .     SustAb   .     (no shield)
rPois  ∞         Gourm    .     (helmet restricted)
rElec  +         Spirit   .     X - +0 cloak {MR+}
rCorr  .         Warding  +     O - +4 pair of gloves of Minor Irritation {Str+3}
rMut   .         Stasis   .     (no boots)
MR     ++++.                    g - amulet of Taxtau {Ward *Contam rN+ Dex+5}
Stlth  ..........               Q - +5 ring of dexterity
                                m - ring of ice

@: exhausted, flying, contaminated, slowed, glowing, very slow, incredibly
resistant to hostile enchantments, extremely unstealthy
A: antennae 1, big wings, talons 1, agile 1, clarity, frail 1, negative energy
resistance 1, electricity resistance, weak 1, unbreathing, petrification
resistance, rot immunity, AC +12
a: Stop Flying, Heroism, Finesse, Renounce Religion


You were on level 4 of the Shoals.
You worshipped Okawaru.
Okawaru was exalted by your worship.
You were near starving.

You visited 5 branches of the dungeon, and saw 32 of its levels.
You also visited: Labyrinth.

You collected 3709 gold pieces.
You spent 925 gold pieces at shops.

Inventory:

Hand weapons
 j - the +8 quarterstaff of Yeast {crush, rF+ Str+2 Int+4}
   (Okawaru gifted it to you on level 2 of the Shoals)

   It inflicts extra damage upon your enemies.
   It affects your strength (+2).
   It affects your intelligence (+4).
   It protects you from fire.
 G - the +4 lajatang of the Candelabrum (weapon) {slice, MR++ SInv}
   (You took it off an orc warrior on level 13 of the Dungeon)

   It inflicts extra damage upon your enemies.
   It affects your resistance to hostile enchantments.
   It enhances your eyesight.
Armour
 J - a +2 cloak
 O - the +4 pair of gloves of Minor Irritation (worn) {Str+3}
   (You found it on level 13 of the Dungeon)

   It affects your strength (+3).
 T - a +1 ice dragon armour (worn)
 X - a +0 cloak of magic resistance (worn)
Rods
 q - a +3 rod of destruction (10/10)
   (You acquired it on level 1 of the Shoals)
Jewellery
 c - the amulet "Seots" {Clar rC+ Str-3 Slay+2}
   (You found it in a labyrinth)

   [amulet of clarity]

   It provides mental clarity.
   It affects your strength (-3).
   It affects your accuracy and damage with ranged weapons and melee attacks
   (+2).
   It protects you from cold.
 g - the amulet of Taxtau (around neck) {Ward *Contam rN+ Dex+5}
   (You found it on level 2 of the Lair of Beasts)

   [amulet of warding]

   It may prevent the melee attacks of summoned creatures.
   It affects your dexterity (+5).
   It protects you from negative energy.
   It causes magical contamination when unequipped.
 m - a ring of ice (left hand)
 t - the ring of Qiro {+cTele *Contam +Inv rC- Str+7}
   (You bought it in a shop on level 11 of the Dungeon)

   [ring of teleport control]

   It can be evoked for teleport control.
   It affects your strength (+7).
   It makes you vulnerable to cold.
   It lets you turn invisible.
   It causes magical contamination when unequipped.
 y - an uncursed ring of ice
 Q - a +5 ring of dexterity (right hand)
 U - an uncursed amulet of regeneration {unknown}
Magical devices
 i - a wand of teleportation (2)
 k - a wand of confusion (47)
 u - a wand of paralysis (7)
 x - a wand of polymorph (6)
 A - a wand of invisibility (5)
 B - a wand of digging (5)
 F - a wand of teleportation (3)
 H - a wand of fireball (1)
 N - a wand of heal wounds (6)
 Z - a wand of invisibility (9)
Scrolls
 b - 3 scrolls of magic mapping
 f - a scroll of silence
 h - 8 scrolls of teleportation
 r - 10 scrolls of remove curse
 s - 3 scrolls of recharging
 C - 4 scrolls of fear
 E - 2 scrolls of identify
 S - a scroll of blinking
 W - a scroll of amnesia
Potions
 a - 8 potions of curing
 n - 2 potions of resistance
 p - 2 potions of agility
 v - a potion of cure mutation
 z - 2 potions of might
 D - 6 potions of haste
 L - a potion of flight {unknown}
 Y - 2 potions of cancellation {unknown}
Books
 o - a book of Clouds

   Spells                             Type                      Level
   a - Mephitic Cloud                 Conjuration/Poison/Air       3
   b - Conjure Flame                  Conjuration/Fire             3
   c - Poisonous Cloud                Conjuration/Poison/Air       6
   d - Freezing Cloud                 Conjuration/Ice/Air          6
   e - Ring of Flames                 Charms/Fire                  7
 w - a book of Callings

   Spells                             Type                      Level
   a - Summon Small Mammal            Summoning                    1
   b - Call Imp                       Summoning                    2
   c - Call Canine Familiar           Summoning                    3
   d - Summon Guardian Golem          Hexes/Summoning              3
   e - Summon Lightning Spire         Summoning/Air                4
   f - Summon Ice Beast               Ice/Summoning                4
 I - a book of Death

   Spells                             Type                      Level
   a - Corpse Rot                     Necromancy                   2
   b - Sublimation of Blood           Necromancy                   2
   c - Agony                          Necromancy                   5
   d - Dispel Undead                  Necromancy                   5
   e - Excruciating Wounds            Charms/Necromancy            5
   f - Bolt of Draining               Conjuration/Necromancy       5
Miscellaneous
 d - a disc of storms
 K - a plain deck of destruction {drawn: 1}
 V - a sack of spiders
Comestibles
 e - 13 bread rations
 l - 17 meat rations
 P - 2 slices of pizza


   Skills:
 * Level 18.0 Fighting
 - Level 15.0 Staves
 - Level 2.0 Throwing
 * Level 18.4 Armour
 - Level 2.4 Dodging
 - Level 6.0 Invocations
 * Level 7.5 Evocations


You had 16 spell levels left.
You didn't know any spells.

Dungeon Overview and Level Annotations

Branches:
Dungeon (15/15)            Temple (1/1) D:4            Lair (8/8) D:9
 Shoals (4/4) Lair:3        Snake (0/4) Lair:4        Slime (0/6) Lair:6
    Orc (4/4) D:11            Elf (0/3) Orc:3        Vaults (0/5) D:14
 Depths (0/5) D:15

Altars:
Ashenzari
Cheibriados
Dithmenos
Elyvilon
Fedhas
Gozag
Kikubaaqudgha
Makhleb
Nemelex Xobeh
Okawaru
Qazlal
Ru
Sif Muna
Trog
Vehumet
Xom
Yredelemnul
Zin
The Shining One
Beogh

Shops:
D:8 }   D:11 ==   Orc:2 *   Orc:3 (   Orc:4 }[%*   Shoals:2 (

Annotations:
Shoals:4 Ilsuiw


Innate Abilities, Weirdness & Mutations

You are resistant to torment.
Your stone body is resilient (AC +12).
You are immune to poison.
Your large and strong wings let you fly indefinitely.
You resist negative energy.
You are resistant to electric shocks.
You can survive without breathing.
You are immune to petrification.
You are immune to rotting.
You have a pair of small antennae on your head.
You have sharp toenails.
You are agile. (Dex +2)
You possess an exceptional clarity of mind.
You are frail (-10% HP).
You are weak. (Str -2)


Message History

* * * LOW HITPOINT WARNING * * *
The tentacle slaps you but does no damage.
The tentacle completely misses you. The tentacle slaps you.
* * * LOW HITPOINT WARNING * * *
The merfolk aquamancer casts a spell.
The merfolk aquamancer blinks!
The tentacle slaps you but does no damage. x3
The merfolk javelineer throws a silver javelin.
The silver javelin hits you!
* * * LOW HITPOINT WARNING * * *
The silver sears you!
* * * LOW HITPOINT WARNING * * *
Ilsuiw mumbles some strange words.
The merfolk aquamancer hits you with a rapier of speed.
* * * LOW HITPOINT WARNING * * *
The merfolk javelineer throws a silver javelin.
The silver javelin hits you but does no damage.
The silver sears you!
The merfolk impaler hits you from afar with a demon trident!
You die...

≈≈≈≈≈≈≈≈≈≈≈≈≈≈≈≈≈≈<
≈≈≈≈≈≈≈≈≈≈≈≈≈≈≈≈≈≈≈≈≈≈≈≈.
≈≈≈≈≈≈≈≈≈≈≈≈≈≈≈≈≈≈≈≈≈≈≈..
≈≈≈≈≈≈≈≈≈≈≈≈≈≈≈≈≈≈≈≈≈....
≈≈≈≈≈≈≈≈P≈≈≈≈≈≈≈≈≈#≈#≈...
≈≈≈≈≈≈P≈≈≈≈≈E≈E≈≈#≈≈≈#≈..
≈≈≈≈≈≈[P≈≈≈≈m≈≈≈#≈≈≈≈≈#..
≈≈≈≈≈≈P≈≈≈≈≈≈(m≈≈≈≈≈≈≈≈..
≈≈≈≈$≈≈<@.m≈(≈≈≈#≈≈≈≈≈#
≈≈≈≈≈≈≈mP...m≈≈wX#≈≈≈#≈..
≈≈≈≈≈≈P≈S#(§≈≈≈(≈≈#≈#≈...
P≈≈≈≈≈≈P....≈≈≈≈≈{≈≈.....
PP≈≈≈≈≈≈≈≈≈≈≈≈≈≈≈≈≈≈.....
P≈≈≈≈≈≈≈≈≈≈≈≈≈≈≈≈≈≈≈.....
.≈≈PP≈≈≈≈≈≈≈≈≈≈≈≈≈≈.=....
..PP≈≈...≈≈≈≈≈≈≈≈........
.P≈.###.≈≈≈≈≈≈........<


You could see Ilsuiw, a merfolk impaler, 2 merfolk javelineers, a sea snake, a
merfolk aquamancer, a tentacle and 2 water elementals.

Vanquished Creatures
  Nikola (Shoals:3)
  Rupert (Lair:4)
  A kraken (Shoals:3)
  Kirke (D:13)
  The ghost of Garrluk the Bludgeoner, a powerful OgFi of Okawaru (D:12)
  An orc warlord (Orc:4)
  The ghost of Postman the Nimble, a powerful DrSk of Okawaru (Lair:8)
  The ghost of ventricule the Nimble, a powerful TeVM of Ashenzari (Lair:6)
  An ettin (Orc:4)
  A minotaur (Lab)
  Snorg (Orc:1)
  A merfolk impaler (Shoals:1)
  A merfolk javelineer (Shoals:3)
  Josephine (Lair:4)
  An ogre mage (D:15)
  An ice dragon (Lair:6)
  Harold (Lair:4)
  6 hydras
  An anaconda (D:15)
  Erica (Lair:2)
  7 centaur warriors
  2 dancing weapons (D:14)
  2 satyrs
  A death yak (Lair:3)
  7 orc high priests
  Urug (Orc:1)
  Nergalle (D:12)
  3 skeletal warriors
  2 wizards (D:15)
  The ghost of braks the Arsonist, an experienced HOFE of Vehumet (D:8)
  7 sea snakes
  5 unseen horrors
  A swamp dragon (Lair:5)
  7 harpies
  Pikel (D:7)
  4 orc knights
  4 ugly things
  A hornet (Lair:8)
  7 orc sorcerers
  2 hill giants (D:12)
  2 wolf spiders (Lair:8)
  9 manticores
  A cyclops (D:13)
  9 fauns
  A shining eye (D:13)
  5 sirens
  3 water nymphs (Shoals:1)
  6 griffons
  A guardian serpent (Lair:8)
  A gargoyle (D:12)
  An orange demon (Orc:4)
  A torpor snail (Lair:3)
  7 black mambas
  A naga mage (D:15)
  14 spiny frogs
  4 komodo dragons
  A kobold demonologist (D:11)
  An elf (shapeshifter) (D:15)
  A fire drake (Lair:6)
  8 trolls
  3 wandering mushrooms (Lab)
  A freezing wraith (D:15)
  A polar bear (Lair:4)
  Grinder (D:4)
  2 wind drakes
  Prince Ribbit (D:5)
  A hornet zombie (D:15)
  12 merfolk
  4 slime creatures (Lair:6)
  10 two-headed ogres
  2 snapping turtles
  28 blink frogs
  A trapdoor spider zombie (D:13)
  3 wyverns
  Sigmund (D:4)
  A centaur simulacrum (D:15)
  4 deep elf magi
  2 hungry ghosts
  6 water elementals
  4 wraiths
  A basilisk (Lair:3)
  27 yaks
  4 shadows
  4 deep elf fighters
  2 neqoxecs (D:11)
  2 hogs (D:13)
  A wyvern (shapeshifter) (Lair:8)
  A chaos spawn (Orc:4)
  Menkaure (D:4)
  A steam dragon (D:12)
  3 swamp worms (Lair:7)
  Edmund (D:6)
  4 vampire mosquitoes
  A naga (Lair:4)
  A mottled dragon (D:11)
  14 porcupines
  7 wargs
  20 hippogriffs
  Duvessa (D:6)
  26 water moccasins
  A soldier ant (D:14)
  29 wolves
  A deep dwarf (D:13)
  2 ice beasts
  5 wasps
  4 phantoms
  7 spiders (Lair:8)
  6 sky beasts
  4 black bears
  62 orc warriors
  23 centaurs
  18 ogres
  5 swamp drakes
  An eye of draining (D:13)
  5 big kobolds
  12 crocodiles
  2 gnoll sergeants
  Blork the orc (D:6)
  19 giant frogs
  Dowan (D:6)
  An earth elemental (Lab)
  3 wyvern skeletons
  5 scorpions
  13 killer bees
  13 wights
  5 quasits
  3 jellies
  3 centaur zombies
  2 giant frog skeletons
  7 hounds
  10 crimson imps
  2 giant frog zombies
  Crazy Yiuf (D:4)
  10 iguanas
  2 iron imps
  5 centaur skeletons
  45 orc priests
  34 orc wizards
  11 worker ants
  11 sheep
  An ogre skeleton (Lab)
  A hound skeleton (D:9)
  2 worker ant zombies
  6 gnolls
  19 adders
  22 river rats
  3 shadow imps
  An ooze (D:3)
  An adder skeleton (D:5)
  4 giant geckos
  302 orcs
  5 giant cockroaches
  23 goblins
  25 hobgoblins
  7 jackals
  20 kobolds
  22 bats
  3 giant newts
  A jackal skeleton (D:4)
  16 rats
  A butterfly (Lair:1)
  2 fungi (Lair:6)
  6 plants (Lair:8)
  A tentacle (Shoals:4)
1266 creatures vanquished.

Vanquished Creatures (collateral kills)
  A blink frog (Lair:3)
  An adder (Lair:8)
  2 orcs
  A bush (Lair:2)
5 creatures vanquished.

Vanquished Creatures (others)
  2 yaks (D:13)
  A human (D:13)
  An ogre (D:6)
  An orc wizard (Orc:2)
  A white imp (Orc:1)
  A giant gecko (D:6)
  A bat (D:6)
  A rat (D:6)
  6 fungi
  5 plants
  13 tentacles
  394 tentacle segments (Shoals:4)
427 creatures vanquished.

Grand Total: 1698 creatures vanquished

Notes
Turn   | Place    | Note
--------------------------------------------------------------
     0 | D:1      | Kisielow the Gargoyle Gladiator began the quest for the Orb.
     0 | D:1      | Reached XP level 1. HP: 12/12 MP: 1/1
    64 | D:1      | Reached skill level 1 in Armour
   199 | D:1      | Reached XP level 2. HP: 15/17 MP: 2/2
   801 | D:2      | Reached XP level 3. HP: 20/22 MP: 3/3
  1268 | D:3      | Reached XP level 4. HP: 26/28 MP: 4/4
  1482 | D:3      | Found a snail-covered altar of Cheibriados.
  1712 | D:4      | Noticed Sigmund
  1745 | D:4      | Killed Sigmund
  1745 | D:4      | Reached skill level 4 in Fighting
  1745 | D:4      | Reached XP level 5. HP: 31/33 MP: 5/5
  1745 | D:4      | Reached XP level 6. HP: 35/38 MP: 6/6
  1923 | D:4      | Noticed Menkaure
  1932 | D:4      | Killed Menkaure
  2091 | D:4      | Noticed Grinder
  2128 | D:4      | Paralysed by Grinder for 7 turns
  2143 | D:4      | Killed Grinder
  2143 | D:4      | Reached skill level 5 in Fighting
  2143 | D:4      | Reached skill level 5 in Staves
  2143 | D:4      | Reached skill level 5 in Armour
  2143 | D:4      | Reached XP level 7. HP: 16/44 MP: 7/7
  2181 | D:4      | Found a staircase to the Ecumenical Temple.
  2188 | Temple   | Entered the Ecumenical Temple
  2203 | Temple   | Became a worshipper of Warmaster Okawaru
  2500 | D:4      | Noticed Crazy Yiuf
  2508 | D:4      | Killed Crazy Yiuf
  2561 | D:4      | Noticed a phantom
  2573 | D:4      | Killed a phantom
  3107 | D:5      | Entered Level 5 of the Dungeon
  3141 | D:5      | Reached skill level 6 in Armour
  3141 | D:5      | Reached XP level 8. HP: 50/50 MP: 8/8
  3344 | D:5      | Acquired Okawaru's first power
  3615 | D:5      | Noticed Prince Ribbit
  3623 | D:5      | Killed Prince Ribbit
  3623 | D:5      | Reached skill level 7 in Armour
  3641 | D:5      | You fall through a shaft!
  3924 | D:5      | Found a shadowy altar of Dithmenos.
  4032 | D:6      | Reached XP level 9. HP: 56/56 MP: 9/9
  4043 | D:6      | Noticed Duvessa
  4051 | D:6      | Noticed Dowan
  4055 | D:6      | Reached skill level 8 in Armour
  4062 | D:6      | Killed Duvessa
  4085 | D:6      | Killed Dowan
  4190 | D:6      | Found a shimmering altar of Xom.
  4228 | D:6      | Noticed Edmund
  4239 | D:6      | Killed Edmund
  4376 | D:6      | Found a white marble altar of Elyvilon.
  4483 | D:6      | Noticed Blork the orc
  4493 | D:6      | Killed Blork the orc
  4935 | D:7      | Noticed Pikel
  4946 | D:7      | Killed Pikel
  4946 | D:7      | Reached skill level 9 in Fighting
  4946 | D:7      | Reached XP level 10. HP: 63/66 MP: 10/10
  5462 | D:8      | Found Ywnay's Gadget Shop.
  5521 | D:8      | Got a twisted leather armour
  5532 | D:8      | Identified the +1 leather armour of Complete Protection {Str+8} (You found it on level 8 of the Dungeon)
  5570 | D:8      | Found an ancient bone altar of Kikubaaqudgha.
  5572 | D:8      | Found a deep blue altar of Sif Muna.
  5572 | D:8      | Found a radiant altar of Vehumet.
  5577 | D:8      | Identified Vehumet's Reference Book on Battle Magic
  5584 | D:8      | Identified Kikubaaqudgha's Disquisition on Stolen Souls
  5591 | D:8      | Identified Sif Muna's Grimoire of Calling
  5695 | D:8      | Noticed a three-headed hydra
  5706 | D:8      | Killed a three-headed hydra
  5706 | D:8      | Received a gift from Okawaru
  5706 | D:8      | Reached skill level 10 in Fighting
  5895 | D:8      | Noticed braks's ghost (experienced HOFE)
  5913 | D:8      | Acquired Okawaru's second power
  5913 | D:8      | Reached skill level 10 in Armour
  5919 | D:8      | Killed braks's ghost
  6191 | D:8      | Reached XP level 11. HP: 73/73 MP: 11/11
  6283 | D:9      | Reached skill level 10 in Staves
  6453 | D:9      | Found a staircase to the Lair.
  6462 | D:9      | Reached skill level 11 in Armour
  6654 | D:9      | Found a shimmering altar of Xom.
  7184 | Lair:1   | Entered Level 1 of the Lair of Beasts
  7242 | Lair:1   | Found a labyrinth entrance.
  7250 | Lab      | Entered a labyrinth
  7357 | Lab      | Received a gift from Okawaru
  8074 | Lab      | Noticed a minotaur
  8091 | Lab      | Killed a minotaur
  8091 | Lab      | Reached skill level 12 in Armour
  8095 | Lab      | Got a flickering sapphire amulet
  8139 | Lab      | Got a fabulously ornate robe
  8157 | Lair:1   | Identified the cursed +1 robe "Mobucw" {*Confuse MR++ Int+4 Dex+4} (You found it in a labyrinth)
  8190 | Lair:1   | Identified the amulet "Seots" {Clar rC+ Str-3 Slay+2} (You found it in a labyrinth)
  8469 | Lair:1   | Reached skill level 13 in Armour
  8884 | Lair:2   | Noticed Erica
  8914 | Lair:2   | Killed Erica
  9092 | Lair:2   | Reached skill level 14 in Armour
  9102 | Lair:2   | Reached XP level 12. HP: 68/78 MP: 12/12
  9519 | Lair:2   | Got a glittering crystal amulet
  9521 | Lair:2   | Identified the amulet of Taxtau {Ward *Contam rN+ Dex+5} (You found it on level 2 of the Lair of Beasts)
  9791 | Lair:2   | Received a gift from Okawaru
  9794 | Lair:2   | Reached skill level 15 in Armour
 10079 | Lair:2   | Received a gift from Okawaru
 10291 | Lair:3   | Reached skill level 1 in Invocations
 10298 | Lair:3   | Reached skill level 1 in Evocations
 10418 | Lair:3   | Received a gift from Okawaru
 10462 | Lair:3   | Found a staircase to the Shoals.
 10579 | Lair:3   | Noticed a death yak
 10600 | Lair:3   | Killed a death yak
 10607 | Lair:3   | Reached skill level 5 in Invocations
 11057 | Lair:4   | Noticed Josephine
 11084 | Lair:4   | Killed Josephine
 11090 | Lair:4   | Reached XP level 13. HP: 60/83 MP: 10/17
 11166 | Lair:4   | Found a staircase to the Snake Pit.
 11572 | Lair:4   | Noticed Harold
 11596 | Lair:4   | Killed Harold
 11596 | Lair:4   | Reached skill level 5 in Evocations
 11651 | Lair:4   | Noticed Rupert
 11674 | Lair:4   | Killed Rupert
 11674 | Lair:4   | Received a gift from Okawaru
 11679 | Lair:4   | Got an ominously black robe {god gift}
 11893 | Lair:4   | Identified the +1 robe of Icoghed {rN+ Int+5 Dex+3} (Okawaru gifted it to you on level 4 of the Lair of Beasts)
 12758 | Lair:6   | Found a staircase to the Slime Pits.
 13725 | Lair:1   | Gained mutation: Armour fits poorly on your strangely shaped body. [mutagenic glow]
 13961 | Lair:6   | Noticed ventricule's ghost (powerful TeVM)
 13995 | Lair:6   | Killed ventricule's ghost
 14627 | Lair:5   | Received a gift from Okawaru
 15231 | Lair:7   | Reached skill level 16 in Armour
 15294 | Lair:7   | Gained mutation: Your large and strong wings let you fly indefinitely. [Gargoyle growth]
 15294 | Lair:7   | Reached XP level 14. HP: 62/91 MP: 19/19
 15561 | Lair:7   | Lost mutation: Armour fits poorly on your strangely shaped body. [potion of cure mutation]
 15813 | Lair:8   | Entered Level 8 of the Lair of Beasts
 15998 | Lair:8   | Received a gift from Okawaru
 16661 | Lair:8   | Noticed Postman's ghost (powerful DrSk)
 16778 | Lair:8   | Killed Postman's ghost
 17304 | Lair:8   | Received a gift from Okawaru
 17319 | Lair:8   | Gained mutation: Your magical capacity is low (-10% MP). [mutagenic meat]
 17321 | Lair:8   | Gained mutation: Your flesh is cold resistant. [mutagenic meat]
 17322 | Lair:8   | Gained mutation: You occasionally shout uncontrollably at your foes. [mutagenic meat]
 17323 | Lair:8   | Lost mutation: You occasionally shout uncontrollably at your foes. [potion of cure mutation]
 17323 | Lair:8   | Lost mutation: Your magical capacity is low (-10% MP). [potion of cure mutation]
 17323 | Lair:8   | Lost mutation: Your flesh is cold resistant. [potion of cure mutation]
 17755 | D:10     | Entered Level 10 of the Dungeon
 18987 | D:11     | Found Zeamaosa's Jewellery Emporium.
 18996 | D:11     | Bought the ring of Qiro {+cTele *Contam +Inv rC- Str+7} for 925 gold pieces
 19067 | D:11     | Found Royxzisa's Jewellery Emporium.
 19391 | D:11     | Found a staircase to the Orcish Mines.
 19468 | D:11     | Gained mutation: You expend magic power (3 MP) to strengthen your wands. [a neqoxec]
 19471 | D:11     | Gained mutation: You possess an exceptional clarity of mind. [a neqoxec]
 19522 | D:11     | Gained mutation: You are frail (-10% HP). [mutagenic meat]
 19523 | D:11     | Gained mutation: You have supernaturally acute eyesight. [mutagenic meat]
 19524 | D:11     | Gained mutation: Your spells are a little harder to cast, but a little more powerful. [mutagenic meat]
 19525 | D:11     | Lost mutation: You expend magic power (3 MP) to strengthen your wands. [potion of cure mutation]
 19525 | D:11     | Lost mutation: Your spells are a little harder to cast, but a little more powerful. [potion of cure mutation]
 19525 | D:11     | Lost mutation: You have supernaturally acute eyesight. [potion of cure mutation]
 19525 | D:11     | Lost mutation: You are frail (-10% HP). [potion of cure mutation]
 19525 | D:11     | Lost mutation: You possess an exceptional clarity of mind. [potion of cure mutation]
 19797 | Orc:1    | Entered Level 1 of the Orcish Mines
 19916 | Orc:1    | Noticed Urug
 19941 | Orc:1    | Killed Urug
 19967 | Orc:1    | Received a gift from Okawaru
 19992 | Orc:1    | Got a dazzling buckler {god gift}
 19999 | Orc:1    | Identified the +0 buckler of Dolech {MR++} (Okawaru gifted it to you on level 1 of the Orcish Mines)
 20195 | Orc:1    | Noticed Snorg
 20207 | Orc:1    | Killed Snorg
 21207 | Orc:2    | Found Kearraga's General Store.
 21386 | Orc:3    | Found a staircase to the Elven Halls.
 21978 | Orc:3    | Found Puruile's Weapon Boutique.
 22150 | Orc:4    | Entered Level 4 of the Orcish Mines
 22153 | Orc:4    | Reached XP level 15. HP: 73/99 MP: 20/20
 22317 | Orc:4    | Found a roughly hewn altar of Beogh.
 22531 | Orc:4    | Found Qioc's Assorted Antiques.
 22541 | Orc:4    | Found Gecerhar's Food Shoppe.
 22932 | Orc:4    | Got an ivory rapier
 22933 | Orc:4    | Identified the cursed +1 rapier of the Elven Halls {pierce, *Confuse rPois rC++ Str+4} (You took it off an orc on level 4 of the Orcish Mines)
 23534 | Orc:4    | Paralysed by an orc sorcerer for 4 turns
 23645 | Orc:4    | Noticed an orc warlord
 23872 | Orc:4    | Killed an orc warlord
 23929 | Orc:4    | Found Coheal's Gadget Emporium.
 24087 | Orc:4    | Found Icloz's Armour Shoppe.
 24130 | Orc:4    | Found a roughly hewn altar of Beogh.
 24944 | D:12     | Noticed Garrluk's ghost (powerful OgFi)
 24955 | D:12     | Killed Garrluk's ghost
 24988 | D:12     | Received a gift from Okawaru
 24991 | D:12     | Got a faintly glowing lajatang {god gift}
 24992 | D:12     | Identified the +5 lajatang "Eviscerator" {venom, MR+ Int+2} (Okawaru gifted it to you on level 12 of the Dungeon)
 25451 | D:12     | Noticed Nergalle
 25459 | D:12     | Killed Nergalle
 25882 | D:13     | Reached skill level 15 in Staves
 26480 | D:13     | Reached skill level 17 in Armour
 26485 | D:13     | Noticed Kirke
 26500 | D:13     | Killed Kirke
 26611 | D:13     | Found an iron altar of Okawaru.
 26685 | D:13     | Gained mutation: You are weak. (Str -2) [a shining eye]
 26700 | D:13     | Received a gift from Okawaru
 26710 | D:13     | Reached skill level 15 in Fighting
 26710 | D:13     | Reached XP level 16. HP: 101/108 MP: 21/21
 26754 | D:13     | Got a translucent lajatang
 26755 | D:13     | Identified the +4 lajatang of the Candelabrum {slice, MR++ SInv} (You took it off an orc warrior on level 13 of the Dungeon)
 26830 | D:13     | Got a pair of heavily runed gloves
 26841 | D:13     | Identified the +4 pair of gloves of Minor Irritation {Str+3} (You found it on level 13 of the Dungeon)
 26920 | D:13     | Got a smoking falchion
 26921 | D:13     | Identified the +6 falchion "Zekhla" {venom, rN+ Str+4 SInv} (You found it on level 13 of the Dungeon)
 27694 | D:14     | Found a gate to the Vaults.
 27871 | D:14     | Gained mutation: You have sharp toenails. [mutagenic meat]
 27872 | D:14     | Gained mutation: You have a pair of small antennae on your head. [mutagenic meat]
 27873 | D:14     | Gained mutation: You possess an exceptional clarity of mind. [mutagenic meat]
 28489 | D:15     | Entered Level 15 of the Dungeon
 29290 | D:15     | Found a staircase to the Depths.
 29456 | D:15     | Gained mutation: You are agile. (Dex +2) [mutagenic meat]
 29844 | Shoals:1 | Entered Level 1 of the Shoals
 29890 | Shoals:1 | Identified a scroll of acquirement
 29896 | Shoals:1 | Identified a +3 rod of destruction (10/10) (You acquired it on level 1 of the Shoals)
 30833 | Shoals:1 | Reached skill level 18 in Armour
 31209 | Shoals:2 | Found Rezxa's Antique Weapon Shoppe.
 31573 | Shoals:2 | Received a gift from Okawaru
 31577 | Shoals:2 | Got a steaming quarterstaff {god gift}
 31602 | Shoals:2 | Identified the +8 quarterstaff of Yeast {crush, rF+ Str+2 Int+4} (Okawaru gifted it to you on level 2 of the Shoals)
 32164 | Shoals:2 | Reached XP level 17. HP: 118/118 MP: 22/22
 32771 | Shoals:3 | Noticed Nikola
 32812 | Shoals:3 | Killed Nikola
 32812 | Shoals:3 | Received a gift from Okawaru
 32870 | Shoals:3 | Found a white marble altar of Elyvilon.
 32875 | Shoals:3 | Noticed a kraken
 32898 | Shoals:3 | Killed a kraken
 33323 | Shoals:4 | Entered Level 4 of the Shoals
 33339 | Shoals:4 | Noticed Ilsuiw
 33369 | Shoals:4 | Gained mutation: You are frail (-10% HP). [mutagenic glow]
 33396 | Shoals:4 | HP: 5/107 [merfolk aquamancer/rapier of speed (5)]
 33396 | Shoals:4 | Slain by a merfolk impaler

Vault maps used:
D:1:      dpeg_arrival_boxorama
D:2:      first_bread
D:3:      cheibriados_altar_1
D:4:      temple_doors_a, minmay_strange_pillars, uniq_crazy_yiuf_cottage,
          uniq_sigmund, uniq_grinder, uniq_menkaure
D:5:      nicolae_overflow_hidden_temple, uniq_prince_ribbit1
D:6:      elyvilon_altar_3, xom_confusion_cloud, uniq_duvessa,
          uniq_blork_the_orc, uniq_edmund
D:7:      uniq_pikel
D:8:      grunt_temple_overflow_magic_moments, serial_shops, nicolae_shop_stone,
          hangedman_ranch, corexii_corridor_pit
D:9:      kennysheep_mini_moat, grunt_lair_entry_elf_guard_hut, minivault_25_ag
D:10:     columned_hall_lemuel, roderic_lattice_a
D:11:     minmay_orc_entry_guard_dogs, serial_shops, shop,
          kennysheep_little_box, nicolae_benzene_ring
D:12:     minmay_isolated_rectangles_in_corner, uniq_nergalle
D:13:     evilmike_iron_armoury, uniq_kirke
D:14:     erik_vaults_1
D:15:     grunt_enter_depths_magical_seal
Temple:   circular_temple_12
Lair:1:   lab_entry_generic, lemuel_fruit_fields
Lair:2:   forest_paths, uniq_erica
Lair:3:   minmay_shoals_entry_hut
Lair:4:   guppyfry_snake_entry_island, uniq_rupert, uniq_harold, uniq_josephine
Lair:6:   minmay_slime_entry_pillars, grunt_megastairs_1
Lair:7:   onia_ninara_swampy_vault, wad_woods_06
Lair:8:   hangedman_lair_tendril_chambers
Shoals:2: cheibrodos_shoals_roost, serial_shops, shop
Shoals:3: wheals_shoals_ruined_temple, uniq_nikola
Shoals:4: shoals_end_simple, shoal_ilsuiw, uniq_jorgrun
Orc:1:    hangedman_minor_magic, uniq_urug, uniq_snorg
Orc:2:    minmay_goldmine, serial_shops, nicolae_shop_behind_doors
Orc:3:    serial_shops, shop_coins, nicolae_orc_pool_cavern
Orc:4:    pubby_orc_utopia, serial_shops
Lab:      nicolae_lab_very_dead_end, nicolae_lab_lava,
          labyrinth_baited_teleportation_trap, labyrinth_skeletal_remains,
          nicolae_lab_plus, nicolae_lab_grate_2

Action                   |  1- 3 |  4- 6 |  7- 9 | 10-12 | 13-15 | 16-18 || total
-------------------------+-------+-------+-------+-------+-------+-------++-------
Melee: Quarterstaff      |   113 |    93 |   289 |   792 |  2069 |    14 ||  3370
       Lajatang          |       |       |       |       |   175 |   591 ||   766
Invok: Heroism           |       |       |       |     2 |    10 |     1 ||    13
       Finesse           |       |       |       |     2 |     7 |       ||     9
 Abil: Fly               |       |       |       |       |     1 |       ||     1
       Evoke Teleport Co |       |       |       |       |     5 |       ||     5
       Evoke Invisibilit |       |       |       |       |       |     1 ||     1
Evoke: Wand              |       |     3 |     1 |       |    26 |     3 ||    33
       Disc of storms    |       |       |       |       |    33 |       ||    33
       Deck              |       |       |       |       |     1 |       ||     1
       Phantom mirror    |       |       |       |       |     1 |       ||     1
  Use: Potion            |       |     4 |       |     7 |    10 |     6 ||    27
       Scroll            |       |     1 |    16 |    16 |    26 |     5 ||    64
 Stab: Paralysed         |       |       |     7 |    10 |    25 |       ||    42
       Petrifying        |       |       |       |     2 |     9 |       ||    11
       Confused          |       |       |       |     1 |     8 |       ||     9
       Distracted        |       |       |       |     1 |       |       ||     1
       Invisible         |       |       |       |       |       |     5 ||     5
  Eat: Chunk             |     1 |     3 |     9 |    11 |    52 |    25 ||   101
       Fruit             |       |       |       |    12 |    10 |       ||    22
       Royal jelly       |       |       |       |       |     1 |       ||     1
